 Dungeon Crawl Stone Soup version 0.28.0-1-gb440e238dd (webtiles) character file.

Game seed: 8544221781517756531

35104 themarg the Summoner (level 13, -2/93 HPs)
             Began as a Merfolk Summoner on Feb 19, 2022.
             Was the Champion of the Shining One.
             Killed by an exploding themself (60 damage)
             ... ignited by their inner flame
             ... on level 1 of the Orcish Mines.
             The game lasted 02:19:18 (26483 turns).

themarg the Summoner (Merfolk Summoner)            Turns: 26483, Time: 02:19:19

Health: -2/93      AC:  8    Str:  9      XL:     13   Next: 81%
Magic:  19/28      EV: 19    Int: 16 (19) God:    the Shining One [******]
Gold:   1089       SH:  5    Dex: 14      Spells: 24/35 levels left

rFire   x . .      SeeInvis .   m - +0 trident
rCold   + . .      Faith    .   (no shield)
rNeg    + + +      Spirit   .   a - +0 robe
rPois   .          Reflect  +   (no helmet)
rElec   .          Harm     .   o - +0 cloak
rCorr   .          Rampage  .   q - +1 pair of gloves
Will    .....                   Z - +2 pair of boots
Stlth   +.........              j - amulet of reflection
HPRegen 0.25/turn               D - ring of ice
MPRegen 0.21/turn               g - +4 ring of evasion

@: glowing
A: (nimble swimmer 2), mertail
a: Renounce Religion, Divine Shield, Cleansing Flame, Summon Divine Warrior,
Brand Weapon With Holy Wrath


You were on level 1 of the Orcish Mines.
You worshipped the Shining One.
The Shining One was exalted by your worship.
You visited 3 branches of the dungeon, and saw 18 of its levels.
You also visited: Bailey and Ice Cave.

You collected 1215 gold pieces.
You spent 126 gold pieces at shops.

Inventory:

Hand Weapons
 m - a +0 trident (weapon)
 V - a +2 scythe of protection
 X - a +0 halberd
Armour
 a - a +0 robe (worn)
 c - a +1 kite shield of cold resistance
 o - a +0 cloak (worn)
 q - a +1 pair of gloves (worn)
 M - +0 swamp dragon scales
 U - the +2 cloak "Zepudiah" {rF++ rN++ Int-5}
   (You found it on level 4 of the Lair of Beasts)

   Int:       It affects your intelligence (-5).
   rF:        It greatly protects you from fire.
   rN:        It greatly protects you from negative energy.
 Z - a +2 pair of boots (worn)
Jewellery
 e - a ring of resist corrosion
 f - a +4 ring of evasion
 g - a +4 ring of evasion (right hand)
 j - an amulet of reflection (around neck)
 l - an amulet of faith
 B - a ring of willpower
 D - a ring of ice (left hand)
 N - a ring of ice
 Q - a ring of see invisible
 W - a ring of flight
 Y - a ring of poison resistance
Wands
 A - a wand of iceblast (32)
 G - a wand of acid (29)
 J - a wand of flame (23)
 K - a wand of charming (4)
 R - a wand of digging (8)
Scrolls
 d - 3 scrolls of enchant armour
 h - 6 scrolls of teleportation
 i - 2 scrolls of blinking
 n - 2 scrolls of magic mapping
 u - 3 scrolls of vulnerability
 y - 2 scrolls of amnesia
 C - 2 scrolls of torment {unknown}
 E - a scroll of silence {unknown}
 F - a scroll of immolation {unknown}
 H - 7 scrolls of enchant weapon
 L - 2 scrolls of noise {unknown}
 P - a scroll of summoning {unknown}
 S - 3 scrolls of fear {unknown}
Potions
 b - 8 potions of attraction
 k - a potion of heal wounds
 p - a potion of resistance
 r - 3 potions of berserk rage
 s - 3 potions of magic
 t - 3 potions of lignification
 v - 5 potions of mutation
 w - 5 potions of flight
 x - a potion of brilliance
 z - 2 potions of haste
 I - a potion of might {unknown}
 O - a potion of degeneration {unknown}
 T - a potion of invisibility {unknown}


   Skills:
 + Level 6.1 Fighting
 + Level 1.8 Short Blades
 + Level 12.2 Polearms
 + Level 7.7 Dodging
 + Level 4.2 Stealth
 + Level 3.7 Shields
 + Level 11.8 Spellcasting
 + Level 4.1 Hexes
 + Level 13.1 Summonings
 + Level 3.9 Air Magic
 * Level 6.0 Invocations
 + Level 0.2 Evocations


You had 24 spell levels left.
You knew the following spells:

 Your Spells              Type           Power      Damage    Failure   Level
a - Summon Small Mammal   Summ           100%       N/A       1%          1
b - Call Canine Familiar  Summ           51%        N/A       1%          3
c - Summon Guardian Gole  Hex/Summ       37%        N/A       1%          3
d - Summon Lightning Spi  Summ/Air       36%        N/A       2%          4

Your spell library contained the following spells:

 Spells                   Type           Power      Damage    Failure   Level
 Call Imp                 Summ           51%        N/A       1%          2
 Mephitic Cloud           Conj/Pois/Air  13%        N/A       13%         3
 Gell's Gravitas          Tloc           9%         N/A       22%         3
 Ignite Poison            Fire/Tmut/Pois 9%         N/A       22%         3
 Lesser Beckoning         Tloc           9%         N/A       22%         3
 Teleport Other           Tloc           9%         N/A       22%         3
 Animate Dead             Necr           4%         N/A       58%         4
 Freezing Cloud           Conj/Ice/Air   10%        6-21      77%         5
 Haunt                    Necr/Summ      15%        N/A       99%         7
 Infestation              Necr           4%         N/A       100%        8


Dungeon Overview and Level Annotations

Branches:
Dungeon (12/15)            Temple (0/1) D:7            Lair (5/6) D:9
 Shoals (0/4) Lair:4        Snake (0/4) Lair:4        Slime (0/5) Lair:5
    Orc (1/2) D:12         Bailey (visited)           IceCv (visited)

Altars:
Ashenzari
Elyvilon
Fedhas
Makhleb
Qazlal
Sif Muna
Uskayaw
Wu Jian
Yredelemnul
The Shining One

Shops:
D:3 :   D:4 [   Orc:1 (

Annotations:
D:4 1 runed translucent door, exclusion: downstairs
D:8 exclusion: downstairs
D:11 Harold
Lair:1 exclusion: 3 oklob plants


Innate Abilities, Weirdness & Mutations

((You are very nimble when in or above water. (Stealth+, EV+, Speed+++)))
Your lower body shifts to a powerful aquatic tail in water.


Message History

Your wolf bites the troll.
The orc knight roars a battlecry!
The orc sorcerer goes into a battle-frenzy!
Your lightning spire shoots out a bolt of lightning at the orc knight!
The bolt of electricity hits the orc knight!
The bolt of electricity hits your guardian golem.
Your guardian golem resists.
The troll misses your wolf. x2; The troll claws your wolf!
You barely miss the orc sorcerer.
The orc sorcerer is moderately wounded.
Your wolf bites the troll!
The orc sorcerer hits you with a +0 dagger!
The orc knight hits you with a +1 battleaxe of freezing!
The orc knight freezes you.
The orc knight hits your lightning spire with a +1 battleaxe of freezing!
The orc knight hits your guardian golem with a +1 battleaxe of freezing!
The orc knight freezes your guardian golem.
Your lightning spire shoots out a bolt of lightning at the orc knight!
The bolt of electricity hits the orc knight!
Your wolf bites the troll!
Your guardian golem overheats!
The troll bites your wolf! Flame seeps out of your guardian golem.
The troll claws your wolf!
Your wolf dies!
Your wolf's corpse disappears in a puff of smoke!
Flame seeps out of your guardian golem.
The orc sorcerer hits you with a +0 dagger!
The orc knight misses you.
The orc knight hits your lightning spire with a +1 battleaxe of freezing.
The orc knight hits your guardian golem with a +1 battleaxe of freezing!!
The orc knight freezes your guardian golem.
Your guardian golem disappears in a puff of smoke!
Your guardian golem explodes!
The fiery explosion engulfs the orc sorcerer!!
The orc sorcerer dies!
The Shining One accepts your kill.
The fiery explosion engulfs the orc knight!!
The fiery explosion engulfs you!!! The fire burns you terribly!
Ouch! That really hurt!
You die...

..... ##### ....# ##.#.##
#### .)..# #...>.## #..###
....# ##.....# ##....#
.T..###......#######.....##
))# #......##.#.##.......#
..# ##......##.§8#......##
..#####........#○o........##.
...#.#........§§@§[..........
..#..........T.......[.......
.....................##.#....
........#.###.......## ## ...
.........###.......## .
...#.......#.....^...#
#.###.................# ###
#............##.....
###........### .....


You could see an orc knight (ally target), a troll and a friendly lightning
spire (summoned, sheltered).

Vanquished Creatures
  A two-headed ogre (D:10)
  Pikel (D:9)
  A centaur zombie (D:11)
  A black mamba (Lair:1)
  A cane toad (Lair:1)
  A gargoyle (D:12)
  A komodo dragon (Lair:5)
  2 trolls
  5 blink frogs (Lair:3)
  A wyvern (Lair:2)
  A shadow (D:11)
  2 yaks
  A wraith (D:9)
  A harpy simulacrum (IceCv)
  A naga (Lair:4)
  4 water moccasins
  An orc warrior (D:9)
  3 ogres
  A sky beast (D:8)
  A centaur (D:10)
  A lemure (D:9)
  2 scorpions
  5 bullfrogs
  A two-headed ogre simulacrum (IceCv)
  2 wights (D:7)
  A howler monkey (D:10)
  A hound (D:5)
  A centaur skeleton (D:4)
  3 jellies
  An orc wizard (D:5)
  A troll simulacrum (IceCv)
  A polar bear simulacrum (IceCv)
  A hound skeleton (D:5)
  5 adders
  2 naga simulacra (IceCv)
  6 white imps
  2 ufetubi (IceCv)
  4 orcs
  4 endoplasms
  A giant cockroach (D:3)
  5 goblins
  A hobgoblin (D:1)
  3 quokkas
  4 ball pythons
  5 bats
  A frilled lizard (D:2)
  4 kobolds
  2 rats
101 creatures vanquished.

Vanquished Creatures (collateral kills)
  Snorg (D:10)
  2 boulder beetles
  4 two-headed ogres
  A catoblepas (Lair:2)
  2 cyclopes
  A black mamba (Lair:1)
  4 elephants (Lair:3)
  Maggie (D:10)
  2 cane toads
  A rime drake (Lair:3)
  An unseen horror (D:11)
  An entropy weaver simulacrum (IceCv)
  An anaconda simulacrum (IceCv)
  3 trolls
  10 blink frogs
  A snapping turtle (Lair:4)
  A centaur simulacrum (D:11)
  A vampire (D:11)
  A wyvern (Lair:3)
  17 yaks
  3 basilisks
  A warg (Orc:1)
  4 steam dragons
  3 nagas (Lair:4)
  Edmund (D:5)
  10 water moccasins
  4 orc warriors
  A sky beast (D:5)
  An ice beast (D:8)
  4 wolves (Lair:2)
  6 centaurs
  2 ogres
  2 lemures (D:9)
  A phantom (D:5)
  A scorpion (D:5)
  2 cane toad simulacra (IceCv)
  9 bullfrogs
  2 two-headed ogre simulacra (IceCv)
  A wyvern skeleton (D:6)
  A wight (D:7)
  2 electric eels
  4 howler monkeys
  A centaur zombie (D:6)
  A human zombie (D:4)
  2 orc priests (D:5)
  3 hounds
  A human skeleton (D:4)
  2 iguanas (D:5)
  4 orc wizards
  9 troll simulacra (IceCv)
  2 spriggan simulacra (IceCv)
  A wolf simulacrum (IceCv)
  A hound skeleton (D:4)
  A howler monkey zombie (D:9)
  A gnoll (Bailey)
  2 adders
  3 naga simulacra (IceCv)
  A shadow imp (D:7)
  13 white imps
  2 ufetubi (IceCv)
  3 adder skeletons
  3 worms
  20 orcs
  5 ball pythons
  7 endoplasms
  A giant cockroach (D:1)
  3 hobgoblins
  4 kobolds
  A quokka (D:2)
  3 training dummies (Orc:1)
  3 bats
  A frilled lizard (D:1)
  6 goblins
  6 rats
237 creatures vanquished.

Vanquished Creatures (others)
  2 hydras
  3 death yaks (D:9)
  A two-headed ogre (D:10)
  A lindwurm (Lair:5)
  A cyclops (D:11)
  An orc sorcerer (Orc:1)
  A manticore (D:12)
  A black mamba (Lair:3)
  An elephant (Lair:3)
  A cane toad (Lair:3)
  An ice statue (IceCv)
  A troll (D:9)
  A blink frog (Lair:3)
  2 yaks (D:9)
  A shadow (D:7)
  A vampire (D:7)
  An acid dragon (D:10)
  2 orc warriors (Orc:1)
  A sky beast (D:7)
  An ogre (D:6)
  A phantom (D:7)
  A lemure (D:9)
  2 wyvern zombies
  2 centaur zombies
  2 gnolls (Bailey)
  A quokka (D:7)
  4 demonic plants (D:2)
  21 fungi
  11 plants
  2 withered plants (D:2)
72 creatures vanquished.

Grand Total: 410 creatures vanquished

Notes
Turn   | Place    | Note
-------+----------+-------------------------------------------
     0 | D:1      | themarg the Merfolk Summoner began the quest for the Orb.
     0 | D:1      | Reached XP level 1. HP: 13/13 MP: 3/3
    68 | D:1      | You fall into a shaft and drop 1 floor!
   207 | D:1      | Reached XP level 2. HP: 15/19 MP: 1/5
   884 | D:1      | Reached XP level 3. HP: 25/25 MP: 3/6
  1258 | D:2      | Reached skill level 1 in Short Blades
  1492 | D:2      | Found a faded altar of an unknown god.
  1500 | D:2      | Prayed at the altar of an unknown god.
  1500 | D:2      | Became a worshipper of the Shining One
  1500 | D:2      | Reached * piety under the Shining One
  1530 | D:2      | Reached XP level 4. HP: 26/31 MP: 4/7
  2230 | D:3      | Reached skill level 1 in Fighting
  2236 | D:3      | Learned a level 3 spell: Call Canine Familiar
  2291 | D:3      | Found Nacecuxi's Book Shop.
  3033 | D:4      | Noticed an ogre
  3043 | D:3      | Killed an ogre
  3044 | D:3      | Reached skill level 5 in Summonings
  3044 | D:3      | Reached XP level 5. HP: 37/37 MP: 3/9
  3281 | D:4      | Reached XP level 6. HP: 34/44 MP: 6/10
  3347 | D:4      | Noticed a +0 hand axe
  3347 | D:4      | Noticed a +0 dagger
  3351 | D:4      | Found a hide-covered altar of Uskayaw.
  3399 | D:4      | Reached skill level 1 in Polearms
  3507 | D:4      | Reached ** piety under the Shining One
  3851 | D:4      | Found Ysuroic's Armour Boutique.
  3889 | D:4      | Bought a +1 pair of gloves for 126 gold pieces
  4016 | D:4      | Found a runed translucent door.
  4016 | D:4      | Noticed a human
  4098 | D:4      | Found a basalt altar of Yredelemnul.
  4171 | D:4      | Noticed a water moccasin
  4182 | D:4      | Killed a water moccasin
  4183 | D:4      | Reached XP level 7. HP: 24/50 MP: 9/12
  4529 | D:4      | Found an ornate altar of the Wu Jian Council.
  4550 | D:5      | Entered Level 5 of the Dungeon
  4550 | D:5      | Noticed Edmund
  4702 | D:5      | Reached skill level 6 in Summonings
  4741 | D:5      | Killed Edmund
  4982 | D:5      | Found a shimmering blue altar of Sif Muna.
  5087 | D:5      | Reached skill level 1 in Shields
  5087 | D:5      | Reached XP level 8. HP: 37/57 MP: 10/14
  5209 | D:5      | Reached skill level 5 in Polearms
  5400 | D:5      | Learned a level 3 spell: Summon Guardian Golem
  5516 | D:5      | Reached skill level 5 in Spellcasting
  6257 | D:6      | Reached skill level 7 in Summonings
  6318 | D:6      | Found a burning altar of Makhleb.
  7073 | D:7      | Noticed a shadow
  7101 | D:7      | Killed a shadow
  7102 | D:7      | Reached XP level 9. HP: 64/64 MP: 8/17
  7217 | D:7      | Reached *** piety under the Shining One
  7243 | D:7      | Reached skill level 1 in Hexes
  7243 | D:7      | Reached skill level 8 in Summonings
  7606 | D:7      | Found a staircase to the Ecumenical Temple.
  8031 | D:7      | Found a white marble altar of Elyvilon.
  8351 | D:8      | Reached skill level 5 in Dodging
  8444 | D:8      | Found a flagged portal.
  8472 | Bailey   | Entered a bailey
  9053 | D:8      | Found a broken altar of Ashenzari.
  9851 | D:9      | Noticed a death yak
  9851 | D:9      | Noticed a death yak
  9862 | D:8      | Learned a level 4 spell: Summon Lightning Spire
  9931 | D:9      | Reached XP level 10. HP: 71/71 MP: 16/20
  9948 | D:9      | Reached skill level 9 in Summonings
 10587 | D:9      | Found a staircase to the Lair.
 10592 | D:9      | Noticed a death yak
 10618 | D:9      | Killed a death yak
 10642 | D:9      | Killed a death yak
 10757 | D:9      | Killed a death yak
 10758 | D:9      | Reached skill level 10 in Summonings
 10758 | D:9      | Reached skill level 1 in Air Magic
 10758 | D:9      | Reached XP level 11. HP: 73/77 MP: 4/23
 11019 | D:9      | Noticed Pikel
 11055 | D:9      | Killed Pikel
 11165 | D:9      | Found a stormy altar of Qazlal.
 11211 | D:9      | Found a blossoming altar of Fedhas.
 11989 | D:10     | Entered Level 10 of the Dungeon
 11990 | D:10     | Noticed Maggie
 12000 | D:10     | Killed Maggie
 12007 | D:10     | Reached skill level 10 in Polearms
 12008 | D:10     | Noticed a two-headed ogre
 12087 | D:10     | Killed a two-headed ogre
 12267 | D:10     | Noticed a two-headed ogre
 12268 | D:10     | Noticed Snorg
 12268 | D:10     | Reached **** piety under the Shining One
 12272 | D:10     | Killed a two-headed ogre
 12277 | D:10     | Killed Snorg
 12811 | Lair:1   | Entered Level 1 of the Lair of Beasts
 13144 | Lair:1   | Reached skill level 11 in Summonings
 13893 | Lair:1   | Noticed an oklob plant
 13913 | Lair:1   | Noticed an oklob plant
 13913 | Lair:1   | Noticed an oklob plant
 14575 | Lair:2   | Reached XP level 12. HP: 85/85 MP: 21/25
 14657 | Lair:2   | Noticed a catoblepas
 14685 | Lair:2   | Reached skill level 5 in Fighting
 14687 | Lair:2   | Killed a catoblepas
 14688 | Lair:2   | Reached skill level 10 in Spellcasting
 15921 | Lair:3   | Noticed a boulder beetle
 16614 | Lair:2   | Reached skill level 1 in Invocations
 16618 | Lair:2   | Killed a boulder beetle
 17421 | Lair:3   | Reached skill level 12 in Summonings
 17903 | Lair:3   | Reached XP level 13. HP: 92/92 MP: 9/27
 18362 | Lair:4   | Found a staircase to the Snake Pit.
 18786 | Lair:4   | Identified the +2 cloak "Zepudiah" {rF++ rN++ Int-5}
 19445 | Lair:4   | Found a staircase to the Shoals.
 19823 | Lair:5   | Found a staircase to the Slime Pits.
 21218 | D:11     | Noticed Harold
 22737 | D:12     | Reached skill level 5 in Invocations
 22762 | D:12     | Reached ***** piety under the Shining One
 22865 | D:12     | Found a frozen archway.
 22877 | IceCv    | Entered an ice cave
 24070 | IceCv    | Reached ****** piety under the Shining One
 24466 | IceCv    | Noticed a reaper
 24861 | D:12     | Reached skill level 13 in Summonings
 25164 | D:12     | Found a staircase to the Orcish Mines.
 26028 | Orc:1    | Entered Level 1 of the Orcish Mines
 26186 | Orc:1    | Found Beusorr's Firing Range.
 26483 | Orc:1    | Killed by an exploding themself... ignited by their inner
                  | flame

Illustrated notes

Levels and vault maps discovered:
D:1:      dpeg_arrival_rhombus, layout_rooms
D:2:      layout_loops_ring, basic_altar, shapermc_ecumenical_altar_gd
D:3:      layout_rooms, serial_shops, shop
D:4:      layout_rooms, dk_yredelemnul_ordeal, nzn_wu_jian_council_hall,
          dancing_weapons_uskayaw, serial_shops, shop, st_stairs_4
D:5:      layout_cave_pods, nicolae_sif_muna_condensation,
          minmay_misc_feat_alley, uniq_edmund
D:6:      layout_loops_ring, overflow_temple_1_default
D:7:      minmay_opposing_rooms, layout_basic, elyvilon_altar_4,
          minmay_temple_entry_junction
D:8:      layout_loops_corners, nicolae_ashenzari_skybound, enter_bailey_2
D:9:      gammafunk_indiana_jones, layout_small_grid,
          grunt_temple_overflow_forces_of_nature, dpeg_lair_monsters,
          minmay_fountain_box, uniq_pikel
D:10:     layout_rooms, minmay_misc_feat_pillars, uniq_snorg, uniq_maggie
D:11:     layout_basic, nicolae_benzene_ring, uniq_harold
D:12:     layout_gridville, orc_0_dummy, portal_ice_cave_entry_imps
Lair:1:   minmay_lair_oklob_tunnel, layout_layer_cave, minmay_hedge_maze,
          nicolae_quartered_pool_super, st_stairs_5
Lair:2:   layout_big_grid, cheibrodos_lair_caveside_slide, grunt_megastairs_3,
          serial_bayou_shore_b
Lair:3:   layout_misc_corridors, lightli_volcano_entry_magma_tube
Lair:4:   layout_cave_pods, minmay_shoals_entry_hut,
          minmay_snake_entry_guardpost_small
Lair:5:   layout_regular_city, nicolae_slime_entry_slimehenge
Orc:1:    layout_diamond_mine, nicolae_shop_firing_range

Skill      XL: |  1  2  3  4  5  6  7  8  9 10 11 12 13 |
---------------+----------------------------------------+-----
Short Blades   | 1 |  1.8
Fighting       | 1 2 3 4 5 6 |  6.1
Dodging        | 3 4 5 6 7 |  7.7
Spellcasting   | 3 4 5 7 8 9 10 11 | 11.8
Summonings     | 5 6 7 8 10 11 12 13 | 13.1
Polearms       | 3 4 6 8 9 10 11 12 | 12.2
Shields        | 1 2 3 |  3.7
Stealth        | 3 4 |  4.2
Hexes          | 1 2 3 4 |  4.1
Air Magic      | 1 2 3 |  3.9
Invocations    | 3 6 |  6.0
Evocations     | |  0.2

Action                   |  1- 3 |  4- 6 |  7- 9 | 10-12 | 13-15 || total
-------------------------+-------+-------+-------+-------+-------++-------
Melee: Dagger            |    82 |    55 |       |       |       ||   137
       Unarmed           |     5 |       |       |       |       ||     5
       Punch             |     2 |     1 |     2 |     5 |     5 ||    15
       Trident           |       |    57 |   158 |   289 |   244 ||   748
 Cast: Summon Small Mamm |    37 |    18 |     2 |       |     1 ||    58
       Call Canine Famil |       |    23 |    38 |    55 |    70 ||   186
       Summon Guardian G |       |       |    21 |    29 |    27 ||    77
       Summon Lightning  |       |       |     3 |    55 |    69 ||   127
Invok: Divine Shield     |       |       |     1 |     1 |     1 ||     3
Evoke: Wand              |       |       |       |     1 |       ||     1
  Use: Scroll            |       |     2 |     8 |     4 |     4 ||    18
       Potion            |       |       |     1 |     2 |     3 ||     6
 Stab: Sleeping          |     1 |       |       |       |       ||     1
Armor: Robe              |    20 |    19 |    16 |    23 |    24 ||   102
Dodge: Dodged            |    67 |    91 |    69 |   150 |   134 ||   511
Block: Other             |       |    14 |    27 |    45 |    50 ||   136
       Reflection        |       |     1 |     2 |     2 |     5 ||    10
